 Dungeon Crawl Stone Soup version 0.29-a0-22-gbf593b16ee (webtiles) character file.

Game seed: 4580152490038497349

989 soggyman666 the Cleaver (level 8, -1/69 HPs)
             Began as a Hill Orc Fighter on Jan 29, 2022.
             Was a Follower of Beogh.
             Slain by an ogre (5 damage)
             ... on level 5 of the Dungeon.
             The game lasted 00:11:45 (5870 turns).

soggyman666 the Cleaver (Hill Orc Fighter)          Turns: 5870, Time: 00:11:45

Health: -1/69      AC: 18    Str: 21    XL:     8   Next: 18%
Magic:  8/8        EV:  6    Int:  8    God:    Beogh [*.....]
Gold:   207        SH:  9    Dex: 10    Spells: 7/7 levels left

rFire   . . .      SeeInvis .   a - +1 war axe
rCold   . . .      Faith    .   c - +0 buckler
rNeg    . . .      Spirit   .   t - +0 plate armour
rPois   .          Reflect  +   y - +2 helmet
rElec   .          Harm     .   e - +2 cloak
rCorr   .          Rampage  .   (no gloves)
Will    .....                   (no boots)
Stlth   ..........              i - amulet of reflection
HPRegen 0.21/turn               (no ring)
MPRegen 0.11/turn               (no ring)

@: no status effects
A: no striking features
a: Renounce Religion


You were on level 5 of the Dungeon.
You worshipped Beogh.
Beogh was aware of your devotion.
You visited 1 branch of the dungeon, and saw 5 of its levels.
You also visited: Sewer.

You collected 207 gold pieces.

Inventory:

Hand Weapons
 a - a +1 war axe (weapon)
 x - a +0 mace
Missiles
 f - 51 bolts
 m - 14 poisoned darts (quivered)
Armour
 b - a +0 scale mail
 c - a +0 buckler (worn)
 e - a +2 cloak (worn)
 t - a +0 plate armour (worn)
 y - a +2 helmet (worn)
Jewellery
 i - an amulet of reflection (around neck)
Wands
 u - a wand of charming (9)
Scrolls
 g - 2 scrolls of blinking
 h - a scroll of fog
 j - 2 scrolls of teleportation
 n - a scroll of amnesia
 p - a scroll of holy word
Potions
 d - 3 potions of might
 l - a potion of lignification {unknown}
 o - 3 potions of curing
 q - 2 potions of flight {unknown}
 r - a potion of brilliance {unknown}
 s - a potion of mutation {unknown}
 w - a potion of ambrosia {unknown}
 A - a potion of attraction {unknown}
 B - a potion of heal wounds {unknown}
 C - a potion of invisibility {unknown}


   Skills:
 + Level 5.5 Fighting
 + Level 8.7 Axes
 + Level 4.9 Armour
 + Level 1.9 Dodging
 + Level 0.2 Stealth
 + Level 4.1 Shields
 * Level 2.3 Evocations


You had 7 spell levels left.
You didn't know any spells.
Your spell library contained the following spells:

 Spells                   Type           Power      Damage    Failure   Level
 Shock                    Conj/Air       0%         1d3       100%        1
 Swiftness                Air            0%         N/A       100%        3
 Airstrike                Air            0%         N/A       100%        4


Dungeon Overview and Level Annotations

Branches:
Dungeon (5/15)              Sewer (visited)
 Temple: D:4-7

Altars:
Ru


Message History

You now have 207 gold pieces (gained 15).
Found a scale mail.
An ogre comes into view. It is wielding a +0 giant club.
The ogre shouts!
An adder comes into view.
The adder hisses angrily.
The ogre hits you with a +0 giant club!
You hit the ogre but do no damage. The ogre hits you with a +0 giant club!
You barely miss the ogre. The ogre hits you with a +0 giant club!
You are too injured to fight recklessly!
You are too injured to fight recklessly!
You are too injured to fight recklessly!
You are too injured to fight recklessly!
You are too injured to fight recklessly!
You are too injured to fight recklessly!
You are too injured to fight recklessly!
You are too injured to fight recklessly!
You are too injured to fight recklessly!
You slash the ogre!
The ogre is moderately wounded.
The ogre hits you but does no damage.
You hit the ogre.
The ogre is moderately wounded.
The ogre hits you but does no damage.
You hit the ogre.
The ogre is moderately wounded.
You hit the ogre but do no damage.
The ogre is moderately wounded.
You block the ogre's attack.
You closely miss the ogre.
The ogre is moderately wounded.
The ogre hits you with a +0 giant club.
You hit the ogre.
The ogre is heavily wounded.
The ogre hits you with a +0 giant club!!
* * * LOW HITPOINT WARNING * * *
You slash the ogre!
The ogre is almost dead.
The ogre hits you with a +0 giant club.
You die...

#### ##...# ...###
#..### ##...## ##.##
..##..###..#
#.###..##.## #.####....#
....>.#####
......################..
................@OS[....
......################..
......# #######


You could see an ogre and an adder.

Vanquished Creatures
  An ogre (D:5)
  A phantom (D:5)
  2 bullfrogs (Sewer)
  A water moccasin skeleton (D:5)
  A hound (D:4)
  3 orc priests (D:5)
  Natasha (thrice) (D:2)
  2 iguanas (D:5)
  4 orc wizards
  Robin (D:3)
  3 gnolls (D:4)
  12 adders
  A white imp (D:5)
  An adder skeleton (D:4)
  2 worms
  3 dart slugs
  10 orcs
  20 ball pythons
  3 bats
  13 endoplasms
  15 giant cockroaches
  10 goblins
  14 hobgoblins
  2 jackals (D:1)
  5 kobolds
  13 quokkas
  12 frilled lizards
  3 rats
161 creatures vanquished.

Vanquished Creatures (others)
  5 orcs (D:4)
  A fungus (D:1)
  2 plants (D:1)
8 creatures vanquished.

Grand Total: 169 creatures vanquished

Notes
Turn   | Place    | Note
-------+----------+-------------------------------------------
     0 | D:1      | soggyman666 the Hill Orc Fighter began the quest for the
                  | Orb.
     0 | D:1      | Reached XP level 1. HP: 19/19 MP: 1/1
   148 | D:1      | Reached XP level 2. HP: 27/27 MP: 2/2
   193 | D:1      | Reached skill level 3 in Axes
   416 | D:1      | Found a faded altar of an unknown god.
   744 | D:2      | Reached XP level 3. HP: 31/33 MP: 3/3
  1094 | D:2      | Noticed Natasha
  1104 | D:2      | Killed Natasha
  1105 | D:2      | Reached skill level 4 in Axes
  1105 | D:2      | Reached XP level 4. HP: 32/40 MP: 4/4
  1312 | D:2      | Noticed Natasha
  1319 | D:2      | Killed Natasha
  1736 | D:2      | Noticed Natasha
  1743 | D:2      | Killed Natasha
  2033 | D:3      | Reached XP level 5. HP: 47/47 MP: 5/5
  2074 | D:3      | Reached skill level 5 in Axes
  2086 | D:3      | Found a glowing drain.
  2159 | Sewer    | Entered a sewer
  3006 | Sewer    | Reached XP level 6. HP: 27/55 MP: 6/6
  3008 | Sewer    | Reached skill level 6 in Axes
  3008 | Sewer    | Reached skill level 1 in Dodging
  3315 | D:3      | Noticed Robin
  3320 | D:3      | Killed Robin
  3321 | D:3      | Reached skill level 5 in Fighting
  3408 | D:3      | Found a sacrificial altar of Ru.
  4003 | D:4      | Reached XP level 7. HP: 49/61 MP: 7/7
  4156 | D:4      | Reached skill level 7 in Axes
  4223 | D:4      | Became a worshipper of Beogh the Brigand
  5075 | D:5      | Entered Level 5 of the Dungeon
  5182 | D:5      | Reached skill level 1 in Evocations
  5436 | D:5      | Reached * piety under Beogh
  5532 | D:5      | Reached skill level 8 in Axes
  5721 | D:5      | Reached XP level 8. HP: 67/69 MP: 8/8
  5870 | D:5      | Slain by an ogre

Illustrated notes

Levels and vault maps discovered:
D:1:      dpeg_arrival_houses_and_road, layout_rooms,
          shapermc_ecumenical_altar_ellora
D:2:      layout_loops_corners, minmay_small_reverse_x, uniq_natasha
D:3:      layout_basic, mainiacjoe_overflow_paths, gup_sewer_entry_bubbles,
          grunt_ministairs_7, uniq_robin
D:4:      layout_basic
D:5:      layout_rooms

Skill      XL: |  1  2  3  4  5  6  7 |
---------------+----------------------+-----
Axes           | 3 4 5 6 8 |  8.7
Fighting       | 4 5 |  5.5
Armour         | 4 |  4.9
Dodging        | 1 |  1.9
Shields        | 4 |  4.1
Evocations     | 2 |  2.3
Stealth        | |  0.2

Action                   |  1- 3 |  4- 6 |  7- 9 || total
-------------------------+-------+-------+-------++-------
Melee: War axe           |    73 |   279 |   123 ||   475
Throw: Dart              |       |     3 |     3 ||     6
Invok: Convert to Beogh  |       |       |     1 ||     1
  Use: Scroll            |       |       |    15 ||    15
Armor: Scale mail        |    38 |   172 |    46 ||   256
       Plate armour      |       |       |     2 ||     2
Dodge: Dodged            |    31 |   149 |    36 ||   216
Block: Buckler           |    18 |    70 |    16 ||   104

Table legend: (Time is in decaauts)
 A = Elapsed time spent in this place.
 B = Non-inter-level travel time spent in this place.
 C = Inter-level travel time spent in this place.
 D = Time resting spent in this place.
 E = Time spent auto-exploring this place.
 F = Levels seen in this place.
 G = Mean time per level.
                   A        B        C        D        E       F      G
               +--------+--------+--------+--------+--------+-----+--------+
         Total |   6092 |   5796 |    296 |    754 |   3731 |   6 | 1015.3 |
       Dungeon |   4903 |   4607 |    296 |    394 |   3197 |   5 |  980.6 |
         Sewer |   1189 |   1189 |      0 |    360 |    534 |   1 | 1189.0 |
               +--------+--------+--------+--------+--------+-----+--------+

Top non-repeatable levels by time:
     D:2: 1242 daAuts
   Sewer: 1189 daAuts
     D:4: 1095 daAuts
     D:3: 1041 daAuts
     D:5: 806 daAuts
     D:1: 717 daAuts
